 Dungeon Sprint DCSS version 0.19.3-4-gbf9329e (webtiles) character file.

504 Kagutsuchi the Fighter (level 6, -3/59 HPs)
             Began as a Draconian Berserker on Jan 28, 2017.
             Was a Believer of Trog.
             Slain by a crocodile (15 damage)
             ... in the Dungeon (Sprint II: "The Violet Keep of Menkaure").
             The game lasted 00:01:20 (61 turns).

Kagutsuchi the Fighter (Draconian Berserker)          Turns: 61, Time: 00:01:21

Health: -3/59      AC:  6    Str: 20      XL:     6   Next: 96%
Magic:  6/6        EV: 15    Int:  4 (7)  God:    Trog [**....]
Gold:   0          SH:  0    Dex:  9 (10) Spells: 0 memorised, 5 levels left

rFire  . . .     SeeInvis .     a - +0 falchion
rCold  . . .     Gourm    .     (armour unavailable)
rNeg   . . .     Faith    .     (no shield)
rPois  .         Spirit   .     (helmet restricted)
rElec  .         Reflect  .     (no cloak)
rCorr  .         Harm     .     (no gloves)
MR     .....     NoTele   +     (no boots)
Stlth  +.........               (no amulet)
                                (no ring)
                                (no ring)

@: exhausted, slowed, lost intelligence, very slow
A: unfitting armour, clumsy 1, deterioration 2, frail 1, no device heal 1,
cold-blooded, AC +6
a: Berserk, Trog's Hand, Burn Spellbooks, Renounce Religion


You were in the Dungeon.
You worshipped Trog.
Trog was pleased with you.
You were not hungry.

You visited 1 branch

Inventory:

Hand Weapons
 a - a +0 falchion (weapon)
Scrolls
 h - a scroll of blinking
Potions
 e - a potion of haste
 f - 2 potions of magic
 g - a potion of berserk rage
Comestibles
 b - a bread ration


   Skills:
 + Level 10.0 Fighting
 + Level 9.4 Long Blades
 + Level 8.1 Dodging


You had 5 spell levels left.
You didn't know any spells.

Dungeon Overview and Level Annotations

Branches:
Dungeon (1/1)

Altars:


Innate Abilities, Weirdness & Mutations

Your plain brown scales are hard. (AC +6)
You cannot fit into any form of body armour.
You are cold-blooded and may be slowed by cold attacks.
You are clumsy. (Dex -2)
Your body often deteriorates upon taking damage.
You are frail. (-10% HP)
Potions and wands are less effective at restoring your health.


Message History

The neqoxec is almost dead.
The neqoxec barely misses you.
You riposte.
You closely miss the neqoxec.
The neqoxec is almost dead.
The neqoxec barely misses you.
The quasit is engulfed in freezing vapours.
The quasit dies!
The shadow imp shouts, "Scamper hence, thou fobbing boil-brained puttock!"
You slash the neqoxec!
You kill the neqoxec!
Trog accepts your kill.
The quasit disappears in a puff of smoke!
You feel your intelligence returning.
Your Fighting skill increases to level 10!
Your Long Blades skill increases to level 9!
Your Dodging skill increases to level 8!
The crocodile bites you!
* * * LOW HITPOINT WARNING * * *
Your body deteriorates!
You feel clumsy.
You hit the crocodile but do no damage. The crocodile bites you!
You die...

+++ §..
#§##
##t$.#
#@## #
##.## ##w
##'#
#.w.##.##
#+.<.+
#.##.##
#w #+# #


You could see a crocodile.

Vanquished Creatures
  4 neqoxecs (D)
4 creatures vanquished.

Vanquished Creatures (others)
  Menkaure (D)
  A crocodile (D)
2 creatures vanquished.

Grand Total: 6 creatures vanquished

Notes
Turn   | Place    | Note
-------+----------+-------------------------------------------
     0 | D        | Kagutsuchi the Draconian Berserker began the quest for the Orb.
     0 | D        | Reached XP level 1. HP: 19/19 MP: 1/1
     5 | D        | Noticed a neqoxec
     8 | D        | Gained mutation: Your body sometimes deteriorates upon taking damage. [a neqoxec]
    10 | D        | Noticed a quasit
    10 | D        | Noticed a crimson imp
    11 | D        | Noticed a neqoxec
    12 | D        | Killed a neqoxec
    12 | D        | Reached skill level 7 in Fighting
    12 | D        | Reached skill level 5 in Dodging
    12 | D        | Reached XP level 2. HP: 34/34 MP: 2/2
    12 | D        | Reached XP level 3. HP: 39/39 MP: 3/3
    12 | D        | Reached XP level 4. HP: 47/47 MP: 4/4
    18 | D        | Killed a neqoxec
    18 | D        | Reached ** piety under Trog
    18 | D        | Reached skill level 8 in Fighting
    18 | D        | Reached XP level 5. HP: 56/56 MP: 5/5
    20 | D        | Noticed a neqoxec
    21 | D        | Killed a crocodile
    22 | D        | Noticed a crocodile
    22 | D        | Noticed a neqoxec
    24 | D        | Gained mutation: You are frail. (-10% HP) [a neqoxec]
    27 | D        | Gained mutation: Your body often deteriorates upon taking damage. [a neqoxec]
    32 | D        | Killed Menkaure
    33 | D        | Gained mutation: You are clumsy. (Dex -2) [a neqoxec]
    37 | D        | Killed a neqoxec
    37 | D        | Reached skill level 9 in Fighting
    37 | D        | Reached XP level 6. HP: 41/57 MP: 6/6
    44 | D        | Gained mutation: Potions and wands are less effective at restoring your health. [a neqoxec]
    56 | D        | Lost intelligence.
    60 | D        | Killed a neqoxec
    60 | D        | Reached skill level 10 in Fighting
    61 | D        | Slain by a crocodile

Skill      XL: |  1  2  3  4  5  6 |
---------------+-------------------+-----
Fighting       | 7 8 9 10 | 10.0
Long Blades    | 6 7 8 9 |  9.4
Dodging        | 5 6 7 8 |  8.1

Action                   |  1- 3 |  4- 6 || total
-------------------------+-------+-------++-------
Melee: Falchion          |     6 |    42 ||    48
       Tailslap          |       |     7 ||     7
Invok: Berserk           |     1 |       ||     1
  Use: Potion            |       |     2 ||     2
Armor: Skin              |     4 |     5 ||     9
Dodge: Dodged            |     3 |    24 ||    27
       Rpst.: Falchion   |       |     9 ||     9
